 Dungeon Crawl Stone Soup version 0.26-a0-661-g406de6ba63 (webtiles) character file.

Game seed: 15568421923430667922

8844 timneilson the Protected (level 11, -1/68 HPs)
             Began as a Gargoyle Fighter on Oct 8, 2020.
             Was an Elder of Okawaru.
             Slain by an unseen horror (4 damage)
             ... on level 9 of the Dungeon on Oct 9, 2020.
             The game lasted 00:16:21 (8195 turns).

timneilson the Protected (Gargoyle Fighter)         Turns: 8195, Time: 00:16:22

Health: -1/68      AC: 25    Str: 23    XL:     11   Next: 37%
Magic:  13/13      EV:  7    Int:  9    God:    Okawaru [****..]
Gold:   449        SH: 12    Dex:  9    Spells: 10/10 levels left

rFire    . . .     SeeInvis .   x - +0 scimitar
rCold    . . .     Faith    .   c - +0 kite shield
rNeg     + . .     Spirit   .   y - +3 chain mail
rPois    ∞         Reflect  .   (no helmet)
rElec    +         Harm     .   (no cloak)
rCorr    +         Rampage  .   (no gloves)
MR       .....                  g - +1 pair of boots
Stlth    ..........             l - amulet of the acrobat
HPRegen  0.21/turn              k - +4 ring of slaying
MPRegen  0.13/turn              n - ring of resist corrosion

@: no status effects
A: negative energy resistance 1, electricity resistance, unbreathing,
petrification resistance, rot immunity, AC +8
a: Heroism, Renounce Religion


You were on level 9 of the Dungeon.
You worshipped Okawaru.
Okawaru was greatly pleased with you.
You visited 2 branches of the dungeon, and saw 10 of its levels.
You also visited: Sewer.

You collected 449 gold pieces.

Inventory:

Hand Weapons
 a - a +1 long sword
 x - a +0 scimitar (weapon)
Armour
 c - a +0 kite shield (worn)
 g - a +1 pair of boots (worn)
 y - a +3 chain mail (worn)
Jewellery
 k - a +4 ring of slaying (left hand)
 l - an amulet of the acrobat (around neck)
 n - a ring of resist corrosion (right hand)
Wands
 h - a wand of random effects (22)
 w - a wand of disintegration (16)
Scrolls
 f - 7 scrolls of remove curse
 i - a scroll of blinking
 j - 4 scrolls of teleportation
 o - 3 scrolls of enchant armour
 p - 4 scrolls of identify
 s - a scroll of fog
Potions
 b - a potion of cancellation
 d - 4 potions of might
 e - 2 potions of flight
 m - 6 potions of curing
 q - a potion of heal wounds
 r - 4 potions of stabbing
 u - a potion of brilliance
 v - 2 potions of haste


   Skills:
 + Level 7.7 Fighting
 * Level 8.4 Long Blades
 * Level 10.4 Armour
 * Level 10.3 Shields
 + Level 3.4 Invocations
 + Level 2.8 Evocations


You had 10 spell levels left.
You didn't know any spells.
Your spell library contained the following spells:

 Spells                   Type           Power        Failure   Level
 Animate Skeleton         Necr           #.....       99%         1
 Apportation              Tloc           #.....       99%         1
 Corona                   Hex            #......      99%         1
 Magic Dart               Conj           #...         99%         1
 Summon Small Mammal      Summ           #...         99%         1
 Ensorcelled Hibernation  Hex/Ice        #.....       99%         2
 Searing Ray              Conj           #.....       99%         2
 Confusing Touch          Hex            #.......     100%        3
 Dazzling Flash           Conj/Hex       #.....       100%        3
 Tukima's Dance           Hex            #.......     100%        3
 Fulminant Prism          Conj/Hex       #.........   100%        4
 Iskenderun's Mystic Bla  Conj/Tloc      #.......     100%        4


Dungeon Overview and Level Annotations

Branches:
Dungeon (9/15)             Temple (1/1) D:6            Lair (0/6) D:8
  Sewer (visited)
    Orc: D:9-12

Altars:
Ashenzari
Cheibriados
Dithmenos
Elyvilon
Fedhas
Gozag
Hepliaklqana
Kikubaaqudgha
Makhleb
Nemelex Xobeh
Okawaru
Qazlal
Ru
Sif Muna
Trog
Uskayaw
Vehumet
Wu Jian
Xom
Yredelemnul
Zin
The Shining One


Innate Abilities, Weirdness & Mutations

You are resistant to torment.
Your stone body is resilient. (AC +8)
You are immune to poison.
You resist negative energy. (rN+)
You are resistant to electric shocks. (rElec)
You can survive without breathing.
You are immune to petrification.
You are immune to rotting.


Message History

Something hits you but does no damage. Something hits you.
* * * LOW HITPOINT WARNING * * *
You barely miss something.
Something hits you but does no damage. x2
You block something's attack.
You hit something. Something hits you but does no damage.
You block something's attack. Something hits you but does no damage.
Unknown command.
You barely miss something. Something hits you but does no damage.
You block something's attack. Something hits you but does no damage.
You slash something!
The sentinel's mark upon you fades away.
Something hits you but does no damage. You block something's attack.
You block something's attack. Something hits you but does no damage.
You barely miss something.
Something hits you but does no damage. x2
Something hits you but does no damage.
You hit something.
Something hits you but does no damage. x2
You slash something! Something hits you!
* * * LOW HITPOINT WARNING * * *
Something hits you.
You die...

......#.#......##..
.....#.#.................
.....#.#....#....#.......
...............#.......
#....##......#.......
#....##......#.......
##..........|#.......
#.#....######....###
#........{@.........
###.#########....... #..
#.##... ##. .# # .# # .#


There were no monsters in sight!

Vanquished Creatures
  Harold (D:9)
  2 two-headed ogres
  An unseen horror (D:9)
  Pikel (D:7)
  An orc knight (D:9)
  Joseph (D:7)
  A gargoyle (D:8)
  A komodo dragon (D:8)
  2 yaks (D:8)
  Grum (D:8)
  A vampire mosquito (D:9)
  Duvessa (D:5)
  2 ice beasts (D:6)
  2 orc warriors
  5 black bears
  A hornet zombie (D:5)
  5 ogres
  A phantom (D:5)
  2 centaurs
  2 wolves (D:8)
  3 big kobolds (Sewer)
  3 bullfrogs
  A water moccasin zombie (D:5)
  Dowan (D:5)
  A wyvern zombie (D:9)
  7 scorpions
  5 killer bees (D:8)
  5 hounds
  9 orc wizards
  A jelly (D:9)
  2 bullfrog skeletons (D:8)
  5 orc priests
  3 iguanas
  2 worker ants
  A killer bee zombie (D:8)
  2 hound skeletons
  4 gnolls (D:6)
  8 adders
  A shadow imp (D:8)
  A white imp (D:5)
  4 oozes
  4 worms
  2 dart slugs
  6 leopard geckos
  19 orcs
  7 ball pythons
  10 giant cockroaches
  10 goblins
  6 hobgoblins
  8 jackals
  3 quokkas
  10 bats
  2 frilled lizards
  16 kobolds
  2 leopard gecko skeletons
  14 rats
222 creatures vanquished.

Vanquished Creatures (others)
  37 fungi (D:8)
  42 plants (D:8)
79 creatures vanquished.

Grand Total: 301 creatures vanquished

Notes
Turn   | Place    | Note
-------+----------+-------------------------------------------
     0 | D:1      | timneilson the Gargoyle Fighter began the quest for the
                  | Orb.
     0 | D:1      | Reached XP level 1. HP: 14/14 MP: 1/1
   238 | D:1      | Reached XP level 2. HP: 19/19 MP: 2/2
   718 | D:1      | Reached XP level 3. HP: 23/23 MP: 3/3
   962 | D:2      | Found a basalt altar of Yredelemnul.
  1110 | D:2      | Reached XP level 4. HP: 25/28 MP: 4/4
  1342 | D:2      | Found a shimmering blue altar of Sif Muna.
  1342 | D:2      | Found a blossoming altar of Fedhas.
  2193 | D:4      | Noticed a bullfrog
  2198 | D:4      | Killed a bullfrog
  2198 | D:4      | Reached XP level 5. HP: 25/33 MP: 5/5
  2528 | D:4      | Reached XP level 6. HP: 38/38 MP: 6/6
  2674 | D:4      | Reached skill level 5 in Armour
  2674 | D:4      | Reached skill level 5 in Shields
  2923 | D:5      | Entered Level 5 of the Dungeon
  2977 | D:5      | Noticed Duvessa
  2986 | D:5      | Killed Duvessa
  2986 | D:5      | Reached XP level 7. HP: 44/44 MP: 7/7
  2987 | D:5      | Noticed Dowan
  2994 | D:5      | Killed Dowan
  3585 | D:5      | Reached XP level 8. HP: 48/48 MP: 8/8
  3875 | D:5      | Found a sparkling altar of Nemelex Xobeh.
  3885 | D:5      | Reached skill level 5 in Fighting
  4171 | D:5      | Found a hide-covered altar of Uskayaw.
  4257 | D:6      | Reached skill level 5 in Long Blades
  4277 | D:6      | Found a glowing drain.
  4308 | Sewer    | Entered a sewer
  4669 | D:6      | Reached XP level 9. HP: 17/54 MP: 9/9
  5306 | D:6      | Noticed a two-headed ogre
  5318 | D:6      | Killed a two-headed ogre
  5461 | D:6      | Found a staircase to the Ecumenical Temple.
  5467 | Temple   | Entered the Ecumenical Temple
  5609 | Temple   | Became a worshipper of Warmaster Okawaru
  5986 | D:7      | Noticed Pikel
  5999 | D:7      | Killed Pikel
  6026 | D:7      | Reached XP level 10. HP: 30/61 MP: 10/10
  6040 | D:7      | Reached * piety under Okawaru
  6898 | D:7      | Noticed Joseph
  6926 | D:7      | Killed Joseph
  6968 | D:8      | Noticed Grum
  6968 | D:8      | Noticed a gargoyle
  7005 | D:8      | Reached skill level 1 in Invocations
  7013 | D:8      | Reached ** piety under Okawaru
  7026 | D:8      | Reached skill level 1 in Evocations
  7057 | D:8      | Noticed a two-headed ogre
  7074 | D:8      | Killed a two-headed ogre
  7082 | D:8      | Killed Grum
  7082 | D:8      | Reached *** piety under Okawaru
  7270 | D:8      | Killed a gargoyle
  7360 | D:8      | Found a staircase to the Lair.
  7617 | D:8      | Reached XP level 11. HP: 66/67 MP: 12/12
  7695 | D:8      | Reached skill level 10 in Armour
  7950 | D:9      | Noticed a red ugly thing
  8081 | D:9      | Reached skill level 10 in Shields
  8088 | D:9      | Noticed an orc knight
  8120 | D:9      | Killed an orc knight
  8135 | D:9      | Noticed Harold
  8155 | D:9      | Killed Harold
  8158 | D:9      | Reached **** piety under Okawaru
  8160 | D:9      | Killed an unseen horror
  8162 | D:9      | Noticed a six-headed hydra
  8195 | D:9      | HP: 3/68 [something (7)]
  8195 | D:9      | Slain by an unseen horror

Illustrated notes

Levels and vault maps discovered:
D:1:      dpeg_arrival_castle, layout_basic, grunt_decor_resistance
D:2:      layout_loops_ring, old_standard_altar, amethyst_overflow_temple_binary
D:3:      layout_loops_ring
D:4:      layout_basic
D:5:      minmay_general_purpose_star, layout_basic,
          lemuel_coloured_pillars_altar, nemelex_dance_club_becter, uniq_duvessa
D:6:      layout_cave_pools, temple_green, gup_sewer_entry_glass
D:7:      layout_basic, uniq_joseph, uniq_pikel
D:8:      layout_loops_ring, due_lair_maze_entry_diamond, eino_jars, uniq_grum
D:9:      minmay_cut_squares, layout_basic, uniq_harold
Temple:   hc_temple_tempest_star

Skill      XL: |  1  2  3  4  5  6  7  8  9 10 11 |
---------------+----------------------------------+-----
Long Blades    | 2 3 4 5 6 8 |  8.4
Armour         | 4 5 6 7 8 9 10 | 10.4
Shields        | 4 5 6 7 8 9 10 | 10.3
Fighting       | 4 5 6 7 |  7.7
Invocations    | 2 3 |  3.4
Evocations     | 2 |  2.8

Action                   |  1- 3 |  4- 6 |  7- 9 | 10-12 || total
-------------------------+-------+-------+-------+-------++-------
Melee: Long sword        |   135 |   112 |   253 |       ||   500
       Scimitar          |       |       |    44 |   297 ||   341
Invok: Heroism           |       |       |       |     6 ||     6
Evoke: Wand              |       |       |     1 |     3 ||     4
  Use: Scroll            |     5 |     5 |     7 |     3 ||    20
       Potion            |       |     1 |     1 |     1 ||     3
Armor: Scale mail        |    95 |    34 |       |       ||   129
       Chain mail        |       |     6 |   214 |   199 ||   419
       Skin              |       |       |       |     5 ||     5
Dodge: Dodged            |    40 |    31 |   103 |   107 ||   281
Block: Kite shield       |    73 |    49 |   191 |   224 ||   537
       Rpst.: Long sword |    10 |    10 |    21 |       ||    41
       Scimitar          |       |       |    13 |    32 ||    45

Table legend: (Time is in decaauts)
 A = Elapsed time spent in this place.
 B = Non-inter-level travel time spent in this place.
 C = Inter-level travel time spent in this place.
 D = Time resting spent in this place.
 E = Time spent auto-exploring this place.
 F = Levels seen in this place.
 G = Mean time per level.
                   A        B        C        D        E       F      G
               +--------+--------+--------+--------+--------+-----+--------+
         Total |   8348 |   8047 |    301 |     23 |   6087 |  11 |  758.9 |
       Dungeon |   7666 |   7395 |    271 |     23 |   5584 |   9 |  851.8 |
        Temple |    332 |    302 |     30 |      0 |    298 |   1 |  332.0 |
         Sewer |    349 |    349 |      0 |      0 |    204 |   1 |  349.0 |
               +--------+--------+--------+--------+--------+-----+--------+

Top non-repeatable levels by time:
     D:5: 1344 daAuts
     D:6: 1112 daAuts
     D:7: 1010 daAuts
     D:8: 1003 daAuts
     D:1: 905 daAuts
     D:4: 765 daAuts
     D:2: 677 daAuts
     D:3: 660 daAuts
   Sewer: 349 daAuts
  Temple: 332 daAuts
     D:9: 185 daAuts
